General information
- name: BNet
- type: Ladder team game (AT/RT)
- host: Battle.net
- saver: BRUCEWILLISUSA
map: HurricaneIsle
- players: 8
- length: 53:09
- speed: Fast
- version: 1.24 W3XP
- replay type: Public
» download(377 KB)
Players
team 1 (loser)
ReconPeon (
orange | 68 APM | 3509 actions | 51:33)
7 Archmage
3 Summon Water Elemental
3 Brilliance Aura
1 Mass Teleport
7 Paladin
3 Holy Light
1 Divine Shield
2 Devotion Aura
1 Resurrection
4 Mountain King
2 Storm Bolt
2 Bash
» actions
| Assign group hotkey | 39 | |
| Basic commands | 135 | |
| Build / train | 184 | |
| ESC pressed | 10 | |
| Enter build submenu | 74 | |
| Enter hero's abilities submenu | 18 | |
| Give item / drop item | 5 | |
| Right click | 839 | |
| Select / deselect | 1259 | |
| Select group hotkey | 689 | |
| Use ability | 257 | |
3509 total
» units
| Peasant | 17 | |
| Footman | 4 | |
| Rifleman | 5 | |
| Goblin Shredder | 1 | |
| Priest | 5 | |
| Goblin Zeppelin | 6 | |
| Siege Engine | 28 | |
| Knight | 10 | |
| Spell Breaker | 4 | |
| Mortar Team | 4 | |
84 total
» upgrades
| Masonry | 3 | |
| Gunpowder | 2 | |
| Long Rifles | 1 | |
| Priest Training | 2 | |
| Barrage | 1 | |
| Animal War Training | 1 | |
| Fragmentation Shards | 1 | |
| Armor | 1 | |
| Plating | 2 | |
| Swords | 3 | |
17 total
» buildings
| Altar of Kings | 1 | |
| Farm | 12 | |
| Barracks | 1 | |
| Arcane Vault | 4 | |
| Keep | 1 | |
| Blacksmith | 1 | |
| Lumber Mill | 1 | |
| Town Hall | 5 | |
| Scout Tower | 37 | |
| Arcane Sanctum | 1 | |
| Guard Tower | 35 | |
| Castle | 1 | |
| Workshop | 4 | |
104 total
» build order
00:19 Altar of Kings
00:33 Farm
00:49 Barracks
01:01 Farm
01:43 Farm
02:23 Arcane Vault
02:57 Keep
03:43 Farm
04:24 Blacksmith
04:31 Lumber Mill
06:09 Town Hall
06:34 Farm
06:37 Scout Tower
06:38 Scout Tower
06:51 Scout Tower
07:37 Arcane Sanctum
08:11 Guard Tower
08:11 Guard Tower
08:11 Guard Tower
08:14 Scout Tower
08:19 Scout Tower
08:21 Scout Tower
08:47 Guard Tower
08:48 Scout Tower
09:19 Guard Tower
09:19 Guard Tower
09:23 Scout Tower
09:26 Castle
09:29 Guard Tower
10:06 Scout Tower
10:06 Guard Tower
10:40 Workshop
10:42 Workshop
11:25 Guard Tower
11:25 Scout Tower
11:52 Workshop
11:54 Workshop
12:00 Guard Tower
12:01 Scout Tower
12:50 Farm
12:50 Guard Tower
13:58 Town Hall
14:02 Scout Tower
14:03 Scout Tower
14:44 Guard Tower
14:45 Guard Tower
15:50 Town Hall
19:42 Farm
19:43 Farm
19:43 Farm
21:04 Scout Tower
21:05 Scout Tower
21:07 Scout Tower
21:21 Scout Tower
21:38 Guard Tower
21:39 Guard Tower
21:39 Guard Tower
21:41 Scout Tower
21:43 Scout Tower
21:48 Guard Tower
21:49 Scout Tower
23:24 Guard Tower
23:24 Guard Tower
23:26 Guard Tower
23:28 Scout Tower
23:41 Scout Tower
24:10 Guard Tower
24:13 Scout Tower
24:15 Scout Tower
24:18 Guard Tower
24:26 Arcane Vault
25:08 Guard Tower
25:51 Scout Tower
26:44 Guard Tower
26:44 Scout Tower
26:46 Scout Tower
26:47 Scout Tower
26:49 Scout Tower
26:54 Scout Tower
27:21 Guard Tower
27:22 Guard Tower
27:22 Guard Tower
27:32 Guard Tower
27:33 Guard Tower
28:17 Scout Tower
28:47 Guard Tower
28:48 Scout Tower
29:50 Arcane Vault
30:04 Guard Tower
32:03 Farm
32:05 Farm
32:15 Arcane Vault
38:34 Scout Tower
38:35 Scout Tower
38:36 Scout Tower
39:06 Guard Tower
39:06 Guard Tower
39:07 Scout Tower
39:21 Town Hall
39:25 Scout Tower
39:39 Guard Tower
49:16 Farm
49:21 Town Hall
» items
| Scroll of Regeneration | 10 | |
| Lesser Clarity Potion | 1 | |
| Orb of Fire | 3 | |
| Scroll of Town Portal | 11 | |
25 total

»
stereotada (
red | 91 APM | 4665 actions | 51:28)
8 Death Knight
3 Death Coil
3 Unholy Aura
1 Animate Dead
1 Death Pact
8 Lich
3 Frost Nova
3 Dark Ritual
1 Death and Decay
1 Frost Armor
7 Dreadlord
3 Carrion Swarm
2 Vampiric Aura
1 Inferno
1 Sleep
» actions
| Assign group hotkey | 62 | |
| Basic commands | 489 | |
| Build / train | 114 | |
| ESC pressed | 16 | |
| Enter build submenu | 43 | |
| Enter hero's abilities submenu | 26 | |
| Give item / drop item | 12 | |
| Remove unit from queue | 2 | |
| Right click | 1280 | |
| Select / deselect | 1041 | |
| Select group hotkey | 1313 | |
| Use ability | 266 | |
4665 total
» units
| Acolyte | 21 | |
| Ghoul | 13 | |
| Goblin Zeppelin | 8 | |
| Gargoyle | 12 | |
| Frost Wyrm | 2 | |
| Crypt Fiend | 5 | |
| Obsidian Statue | 2 | |
63 total
» upgrades
| Creature Attack | 3 | |
| Ghoul Frenzy | 0 | |
| Web | 1 | |
4 total
» buildings
| Crypt | 6 | |
| Ziggurat | 9 | |
| Altar of Darkness | 3 | |
| Tomb of Relics | 1 | |
| Halls of the Dead | 1 | |
| Necropolis | 3 | |
| Graveyard | 1 | |
| Black Citadel | 1 | |
| Sacrificial Pit | 1 | |
| Spirit Tower | 2 | |
| Boneyard | 2 | |
| Slaughterhouse | 1 | |
31 total
» build order
00:08 Crypt
00:11 Ziggurat
00:14 Ziggurat
00:42 Altar of Darkness
00:58 Altar of Darkness
01:05 Tomb of Relics
02:29 Ziggurat
02:46 Ziggurat
02:53 Crypt
06:13 Halls of the Dead
06:20 Ziggurat
06:30 Necropolis
06:53 Ziggurat
07:04 Ziggurat
07:49 Graveyard
08:17 Ziggurat
08:43 Black Citadel
08:48 Sacrificial Pit
09:27 Spirit Tower
10:10 Spirit Tower
11:55 Boneyard
11:56 Boneyard
12:52 Crypt
12:53 Crypt
16:17 Necropolis
20:39 Slaughterhouse
21:31 Crypt
21:33 Crypt
23:14 Ziggurat
26:53 Altar of Darkness
32:50 Necropolis
» items
| Rod of Necromancy | 3 | |
| Orb of Corruption | 3 | |
| Scroll of Town Portal | 5 | |
| Scroll of Healing | 3 | |
| Potion of Healing | 1 | |
15 total
therko (
purple | 36 APM | 1937 actions | 53:07)
6 Priestess of the Moon
1 Searing Arrows
3 Trueshot Aura
1 Scout
1 Starfall
5 Keeper of the Grove
2 Entangling Roots
3 Thorns Aura
» actions
| Basic commands | 23 | |
| Build / train | 110 | |
| Enter build submenu | 43 | |
| Enter hero's abilities submenu | 11 | |
| Give item / drop item | 6 | |
| Remove unit from queue | 6 | |
| Right click | 793 | |
| Select / deselect | 828 | |
| Use ability | 116 | |
1937 total
» units
| Wisp | 31 | |
| Hippogryph | 12 | |
| Faerie Dragon | 4 | |
| Druid of the Talon | 9 | |
| Goblin Shredder | 1 | |
| Chimaera | 6 | |
| Goblin Zeppelin | 6 | |
69 total
» upgrades
| Strength of the Wild | 2 | |
| Reinforced Hides | 2 | |
| Ultravision | 1 | |
| Strength of the Moon | 1 | |
| Moon Armor | 0 | |
| Druid of the Talon Training | 2 | |
| Mark of the Talon | 1 | |
| Corrosive Breath | 1 | |
| Well Spring | 1 | |
11 total
» buildings
| Altar of Elders | 1 | |
| Moon Well | 9 | |
| Hunter's Hall | 1 | |
| Ancient Protector | 20 | |
| Tree of Ages | 2 | |
| Ancient of Wonders | 2 | |
| Tree of Eternity | 1 | |
| Ancient of Wind | 2 | |
| Chimaera Roost | 2 | |
| Tree of Life | 4 | |
44 total
» build order
00:07 Altar of Elders
00:54 Moon Well
01:03 Moon Well
02:05 Hunter's Hall
02:45 Moon Well
02:55 Moon Well
03:15 Ancient Protector
04:11 Tree of Ages
04:22 Ancient Protector
04:27 Ancient of Wonders
04:54 Moon Well
04:59 Moon Well
06:00 Ancient Protector
06:44 Tree of Eternity
06:49 Ancient of Wind
07:20 Ancient of Wind
09:09 Moon Well
09:14 Moon Well
10:58 Chimaera Roost
11:06 Chimaera Roost
11:14 Moon Well
12:06 Ancient Protector
12:13 Ancient Protector
14:12 Tree of Life
14:45 Ancient Protector
14:47 Ancient Protector
14:52 Ancient Protector
15:01 Ancient Protector
19:33 Ancient Protector
19:58 Tree of Life
21:24 Ancient Protector
21:27 Ancient Protector
21:30 Ancient Protector
21:32 Ancient Protector
28:16 Tree of Ages
30:01 Ancient of Wonders
34:52 Ancient Protector
34:53 Ancient Protector
34:55 Ancient Protector
34:58 Ancient Protector
35:01 Ancient Protector
35:04 Ancient Protector
40:35 Tree of Life
47:08 Tree of Life
» items
| Moonstone | 1 | |
| Scroll of Town Portal | 4 | |
| Potion of Healing | 3 | |
8 total
white.rice (
blue | 39 APM | 666 actions | 16:57)
2 Archmage
1 Blizzard
1 Brilliance Aura
» actions
| Assign group hotkey | 5 | |
| Basic commands | 7 | |
| Build / train | 46 | |
| Enter build submenu | 19 | |
| Enter hero's abilities submenu | 2 | |
| Remove unit from queue | 2 | |
| Right click | 347 | |
| Select / deselect | 171 | |
| Select group hotkey | 28 | |
| Use ability | 39 | |
666 total
» units
| Peasant | 14 | |
| Siege Engine | 3 | |
| Flying Machine | 2 | |
| Goblin Zeppelin | 3 | |
22 total
» upgrades
| Lumber Harvesting | 2 | |
| Barrage | 1 | |
| Flak Cannons | 1 | |
| Flying Machine Bombs | 2 | |
| Gunpowder | 2 | |
| Masonry | 1 | |
| Plating | 1 | |
10 total
» buildings
| Farm | 6 | |
| Altar of Kings | 1 | |
| Keep | 1 | |
| Lumber Mill | 1 | |
| Castle | 1 | |
| Blacksmith | 1 | |
| Arcane Vault | 1 | |
| Scout Tower | 4 | |
| Workshop | 4 | |
| Guard Tower | 3 | |
23 total
» build order
00:10 Farm
00:53 Farm
01:27 Altar of Kings
01:55 Keep
02:54 Lumber Mill
03:16 Farm
03:21 Farm
03:32 Farm
03:33 Farm
04:17 Castle
04:21 Blacksmith
04:34 Arcane Vault
05:34 Scout Tower
05:35 Scout Tower
06:02 Workshop
06:06 Workshop
06:10 Workshop
06:15 Workshop
09:01 Guard Tower
09:20 Scout Tower
09:22 Scout Tower
09:55 Guard Tower
11:21 Guard Tower
» items
| Potion of Healing | 1 | |
| Lesser Clarity Potion | 2 | |
3 total
team 2 (winner)
BRUCEWILLISUSA (
green | 73 APM | 3886 actions | 53:09)
9 Blood Mage
3 Flame Strike
3 Siphon Mana
1 Summon Phoenix
2 Banish
4 Death Knight
3 Unholy Aura
1 Death Coil
1 Crypt Lord
1 Impale
» actions
| Assign group hotkey | 141 | |
| Basic commands | 111 | |
| Build / train | 174 | |
| ESC pressed | 2 | |
| Enter build submenu | 45 | |
| Enter hero's abilities submenu | 15 | |
| Give item / drop item | 3 | |
| Right click | 1443 | |
| Select / deselect | 703 | |
| Select group hotkey | 1066 | |
| Use ability | 183 | |
3886 total
» units
| Peasant | 19 | |
| Goblin Shredder | 1 | |
| Goblin Zeppelin | 17 | |
| Mortar Team | 15 | |
| Siege Engine | 3 | |
| Flying Machine | 34 | |
| Obsidian Statue | 3 | |
| Crypt Fiend | 5 | |
| Acolyte | 1 | |
| Frost Wyrm | 6 | |
104 total
» upgrades
| Masonry | 3 | |
| Gunpowder | 3 | |
| Fragmentation Shards | 1 | |
| Flare | 1 | |
| Barrage | 1 | |
| Flak Cannons | 1 | |
| Plating | 3 | |
| Flying Machine Bombs | 1 | |
| Web | 1 | |
| Armor | 1 | |
16 total
» buildings
| Altar of Kings | 1 | |
| Farm | 11 | |
| Lumber Mill | 1 | |
| Arcane Vault | 3 | |
| Town Hall | 5 | |
| Keep | 1 | |
| Scout Tower | 19 | |
| Guard Tower | 13 | |
| Castle | 2 | |
| Blacksmith | 1 | |
| Workshop | 6 | |
| Altar of Darkness | 1 | |
| Ziggurat | 1 | |
65 total
» build order
00:09 Altar of Kings
00:12 Farm
00:47 Farm
01:01 Lumber Mill
01:05 Farm
01:29 Farm
03:41 Arcane Vault
03:46 Town Hall
04:15 Keep
04:50 Scout Tower
05:17 Scout Tower
05:19 Scout Tower
05:21 Scout Tower
05:24 Scout Tower
05:27 Scout Tower
05:41 Scout Tower
05:44 Guard Tower
05:47 Guard Tower
05:49 Guard Tower
06:03 Scout Tower
06:04 Scout Tower
06:07 Guard Tower
06:08 Guard Tower
06:30 Guard Tower
06:37 Castle
06:37 Castle
06:43 Guard Tower
07:06 Scout Tower
07:07 Scout Tower
07:09 Scout Tower
07:09 Scout Tower
07:12 Guard Tower
07:28 Guard Tower
07:44 Blacksmith
08:05 Guard Tower
08:31 Workshop
08:35 Workshop
08:37 Workshop
09:11 Workshop
09:42 Guard Tower
10:49 Farm
10:50 Farm
10:51 Farm
11:30 Farm
11:31 Farm
11:33 Farm
11:34 Farm
13:29 Scout Tower
13:29 Scout Tower
13:31 Scout Tower
13:32 Scout Tower
13:33 Scout Tower
13:33 Scout Tower
14:37 Guard Tower
15:31 Guard Tower
28:18 Town Hall
32:08 Town Hall
40:00 Workshop
40:01 Workshop
41:49 Town Hall
41:53 Arcane Vault
46:01 Arcane Vault
47:57 Altar of Darkness
47:58 Ziggurat
52:54 Town Hall
» items
| Lesser Clarity Potion | 1 | |
| Scroll of Regeneration | 4 | |
| Ivory Tower | 3 | |
| Boots of Speed | 1 | |
| Staff of Teleportation | 1 | |
| Scroll of Town Portal | 6 | |
| Staff of Sanctuary | 1 | |
| Potion of Healing | 2 | |
19 total

»
jim_RADDDDDDDDD (
pink | 72 APM | 3813 actions | 53:08)
5 Archmage
3 Summon Water Elemental
2 Brilliance Aura
7 Mountain King
3 Storm Bolt
3 Bash
1 Avatar
5 Paladin
3 Holy Light
2 Devotion Aura
» actions
| Basic commands | 398 | |
| Build / train | 124 | |
| ESC pressed | 9 | |
| Enter build submenu | 42 | |
| Enter hero's abilities submenu | 17 | |
| Give item / drop item | 2 | |
| Right click | 1717 | |
| Select / deselect | 1348 | |
| Use ability | 155 | |
3813 total
» units
| Peasant | 30 | |
| Footman | 3 | |
| Gryphon Rider | 6 | |
| Goblin Zeppelin | 3 | |
| Dragonhawk Rider | 3 | |
| Flying Machine | 7 | |
| Knight | 10 | |
62 total
» upgrades
| Lumber Harvesting | 2 | |
| Storm Hammers | 1 | |
| Gunpowder | 2 | |
| Armor | 2 | |
| Plating | 3 | |
| Flak Cannons | 1 | |
| Flying Machine Bombs | 1 | |
| Swords | 3 | |
| Animal War Training | 2 | |
| Masonry | 2 | |
19 total
» buildings
| Altar of Kings | 2 | |
| Farm | 11 | |
| Barracks | 4 | |
| Keep | 4 | |
| Arcane Vault | 1 | |
| Lumber Mill | 2 | |
| Town Hall | 6 | |
| Castle | 3 | |
| Gryphon Aviary | 4 | |
| Blacksmith | 2 | |
| Workshop | 5 | |
| Scout Tower | 2 | |
| Guard Tower | 1 | |
47 total
» build order
00:02 Altar of Kings
00:20 Farm
00:35 Barracks
00:44 Farm
01:32 Farm
02:24 Keep
02:24 Keep
02:54 Arcane Vault
03:06 Farm
03:14 Lumber Mill
05:02 Town Hall
05:08 Castle
06:15 Gryphon Aviary
06:19 Gryphon Aviary
06:20 Gryphon Aviary
07:16 Gryphon Aviary
08:54 Farm
08:58 Farm
10:42 Farm
11:23 Farm
11:43 Blacksmith
16:09 Town Hall
18:17 Workshop
18:19 Workshop
19:20 Town Hall
20:42 Workshop
20:45 Workshop
25:09 Workshop
25:13 Barracks
25:15 Barracks
25:16 Keep
26:22 Scout Tower
26:23 Scout Tower
26:28 Lumber Mill
26:34 Blacksmith
26:46 Altar of Kings
27:53 Guard Tower
27:57 Castle
33:36 Farm
33:39 Farm
38:18 Town Hall
40:59 Town Hall
41:18 Keep
43:40 Castle
43:52 Barracks
50:03 Town Hall
50:28 Farm
» items
| Scroll of Regeneration | 2 | |
| Scroll of Town Portal | 6 | |
| Orb of Fire | 1 | |
| Potion of Lesser Invulnerability | 1 | |
10 total

»
dontbackdown (
teal | 31 APM | 1387 actions | 44:50)
6 Keeper of the Grove
3 Entangling Roots
2 Force of Nature
1 Tranquility
6 Priestess of the Moon
3 Trueshot Aura
2 Scout
1 Starfall
1 Death Knight
1 Death Coil
» actions
| Basic commands | 11 | |
| Build / train | 106 | |
| Enter build submenu | 17 | |
| Enter hero's abilities submenu | 13 | |
| Give item / drop item | 4 | |
| Right click | 613 | |
| Select / deselect | 533 | |
| Use ability | 90 | |
1387 total
» units
| Wisp | 20 | |
| Archer | 4 | |
| Dryad | 12 | |
| Hippogryph | 5 | |
| Goblin Zeppelin | 7 | |
| Mountain Giant | 3 | |
| Goblin Sapper | 4 | |
| Faerie Dragon | 5 | |
| Druid of the Claw | 1 | |
61 total
» upgrades
| Strength of the Wild | 3 | |
| Reinforced Hides | 3 | |
| Abolish Magic | 1 | |
| Hardened Skin | 1 | |
| Resistant Skin | 1 | |
| Druid of the Claw Training | 2 | |
| Well Spring | 1 | |
12 total
» buildings
| Altar of Elders | 1 | |
| Moon Well | 6 | |
| Ancient of War | 1 | |
| Tree of Life | 2 | |
| Tree of Ages | 1 | |
| Hunter's Hall | 1 | |
| Tree of Eternity | 1 | |
| Ancient of Lore | 2 | |
| Ancient of Wind | 2 | |
| Ancient of Wonders | 1 | |
18 total
» build order
00:25 Altar of Elders
00:49 Moon Well
01:35 Ancient of War
01:39 Moon Well
03:00 Tree of Life
03:42 Tree of Ages
04:14 Hunter's Hall
04:25 Moon Well
05:54 Moon Well
06:09 Tree of Eternity
06:39 Ancient of Lore
06:41 Ancient of Lore
06:45 Ancient of Wind
06:51 Ancient of Wonders
11:37 Moon Well
12:32 Moon Well
14:22 Ancient of Wind
34:14 Tree of Life
» items
| Scroll of Town Portal | 6 | |
| Anti-magic Potion | 6 | |
| Potion of Healing | 2 | |
| Staff of Preservation | 1 | |
| Scroll of Healing | 1 | |
16 total

»
LUCIFERISALOSER (
yellow | 26 APM | 914 actions | 35:11)
7 Lich
3 Frost Nova
3 Frost Armor
1 Death and Decay
2 Crypt Lord
1 Impale
1 Carrion Beetles
» actions
| Assign group hotkey | 21 | |
| Build / train | 103 | |
| Enter build submenu | 23 | |
| Enter hero's abilities submenu | 8 | |
| Remove unit from queue | 2 | |
| Right click | 244 | |
| Select / deselect | 270 | |
| Select group hotkey | 152 | |
| Use ability | 91 | |
914 total
» units
| Acolyte | 15 | |
| Ghoul | 8 | |
| Gargoyle | 17 | |
| Obsidian Statue | 19 | |
| Goblin Zeppelin | 4 | |
63 total
» upgrades
| Creature Attack | 3 | |
| Creature Carapace | 3 | |
| Destroyer Form | 1 | |
| Stone Form | 1 | |
8 total
» buildings
| Ziggurat | 11 | |
| Altar of Darkness | 1 | |
| Crypt | 1 | |
| Graveyard | 1 | |
| Tomb of Relics | 1 | |
| Halls of the Dead | 1 | |
| Spirit Tower | 10 | |
| Black Citadel | 1 | |
| Slaughterhouse | 2 | |
| Sacrificial Pit | 1 | |
| Boneyard | 2 | |
32 total
» build order
00:14 Ziggurat
00:19 Altar of Darkness
00:38 Crypt
01:12 Ziggurat
01:26 Graveyard
01:38 Ziggurat
02:35 Tomb of Relics
03:20 Halls of the Dead
03:49 Spirit Tower
04:44 Ziggurat
05:42 Black Citadel
05:57 Ziggurat
06:13 Slaughterhouse
08:13 Slaughterhouse
10:48 Spirit Tower
13:39 Ziggurat
15:44 Ziggurat
15:52 Ziggurat
17:34 Spirit Tower
17:36 Spirit Tower
17:38 Spirit Tower
17:40 Spirit Tower
17:41 Spirit Tower
19:14 Ziggurat
19:17 Ziggurat
19:20 Ziggurat
23:50 Sacrificial Pit
31:42 Boneyard
31:44 Spirit Tower
31:45 Spirit Tower
31:46 Spirit Tower
31:50 Boneyard
» items
| Rod of Necromancy | 1 | |
| Potion of Healing | 2 | |
| Scroll of Town Portal | 2 | |
| Scroll of Regeneration | 1 | |
6 total
Chat log
(00:09 / Allies) dontbackdown: stupid map
(00:11 / Allies) jim_RADDDDDDDDD: yes
(01:00 / Allies) LUCIFERISALOSER: gargs and destroyers
(02:15 / Allies) dontbackdown: hip dryad
(03:27 / Allies) jim_RADDDDDDDDD: ????
(03:29 / Allies) jim_RADDDDDDDDD: what?
(05:10 / Allies) BRUCEWILLISUSA: get shredder if ur short on wood
(05:22 / Allies) dontbackdown: lol
(08:20 / Allies) BRUCEWILLISUSA: lol
(09:09 / Allies) dontbackdown: to arms
(09:26 / Allies) BRUCEWILLISUSA: holy shit kill his blimp
(09:31 / Allies) BRUCEWILLISUSA: your air is aasleep
(09:48 / Allies) jim_RADDDDDDDDD: holy shit stop building towers
(09:57 / Allies) BRUCEWILLISUSA: so i dont get raped like somebody
(10:34 / Allies) jim_RADDDDDDDDD: nice 31 food green
(10:41 / Allies) BRUCEWILLISUSA: are you gonna cry at me all game
(10:46 / Allies) BRUCEWILLISUSA: just because i lagued at ur expo
(10:48 / Allies) jim_RADDDDDDDDD: lol
(17:48 / Allies) jim_RADDDDDDDDD: help?
(20:23 / Allies) BRUCEWILLISUSA: its 3v1 up there
(20:24 / Allies) BRUCEWILLISUSA: rofl
(20:28 / Allies) BRUCEWILLISUSA: u guys need help?
(20:37 / Allies) dontbackdown: we good
(25:47 / Allies) BRUCEWILLISUSA: how are 3 of u losing to one shitty undead
(26:06 / Allies) jim_RADDDDDDDDD: he's the best player on their team
(28:31 / Allies) BRUCEWILLISUSA: get this
(28:34 / Allies) BRUCEWILLISUSA: we hav to take the mainlan
(28:36 / Allies) BRUCEWILLISUSA: and keep them off it
(29:27 / Allies) BRUCEWILLISUSA: back
(29:28 / Allies) BRUCEWILLISUSA: dotn figh tnaks
(31:09 / Allies) BRUCEWILLISUSA: fae3ries
(31:10 / Allies) BRUCEWILLISUSA: wow
(31:14 / Allies) BRUCEWILLISUSA: no wonder you idiots are losing 3v1
(31:27 / Allies) BRUCEWILLISUSA: can u repair mty gyros
(34:39 / Allies) dontbackdown: tp rdy
(35:07 / Allies) dontbackdown: tp pink?
(35:10 / Allies) jim_RADDDDDDDDD: go
(36:56 / Allies) dontbackdown: green
(36:58 / Allies) dontbackdown: shop
(36:59 / Allies) dontbackdown: pls
(37:16 / Allies) BRUCEWILLISUSA: i cant
(37:16 / Allies) BRUCEWILLISUSA: sorry
(37:18 / Allies) BRUCEWILLISUSA: no peons there
(37:27 / Allies) BRUCEWILLISUSA: get a zepp and go to neutral shop
(38:34 / Allies) BRUCEWILLISUSA: meet mid
(41:44 / Allies) BRUCEWILLISUSA: expo ev1
(42:26 / Allies) dontbackdown: we need to hit a mian base
(42:39 / Allies) jim_RADDDDDDDDD: back up
(42:55 / Allies) dontbackdown: got sf and heal
(44:02 / Allies) dontbackdown: wtf
(44:23 / Allies) dontbackdown: fucking noobs
(51:24 / All) ReconPeon: gg